 Dungeon Crawl Stone Soup version 0.31-a0-1576-ga3383bade6 (webtiles) character file.

Game seed: 15239608472752442308

27 Warped the Shooter (level 2, -2/24 HPs)
             Began as a Demigod Hunter on Jan 5, 2024.
             Succumbed to a scorpion's poison
             ... on level 2 of the Dungeon.
             The game lasted 00:02:06 (923 turns).

Warped the Shooter (Demigod Hunter)                  Turns: 923, Time: 00:02:07

Health: -2/24      AC:  9    Str: 12    XL:     2   Next: 72%
Magic:  4/4        EV:  6    Int: 11    God:
Gold:   60         SH:  0    Dex: 17    Spells: 1/1 levels left

rFire   + . .        a - +0 shortbow
rCold   + . .        (shield currently unavailable)
rNeg    . . .        i - +0 chain mail
rPois   +            (no helmet)
rElec   +            (no cloak)
rCorr   +            (no gloves)
SInv    .            l - +0 pair of boots
Will    +....        (no amulet) Stlth
                     (no ring)
HPRegen 0.24/turn    (no ring)
MPRegen 0.09/turn

%: no passive effects
@: lethally poisoned (-2 -> -29), resistant, enlightened, flying
A: high MP 1, forlorn, divine attributes
a: no special abilities


You were on level 2 of the Dungeon.
You visited 1 branch of the dungeon, and saw 2 of its levels.

You collected 60 gold pieces.

Inventory:

Hand Weapons
 a - a +0 shortbow (weapon)
 f - a +0 hand axe
Armour
 c - a +0 leather armour
 h - a +0 plate armour
 i - a +0 chain mail (worn)
 l - a +0 pair of boots (worn)
Magical Staves
 q - a staff of conjuration
Wands
 m - a wand of light (11)
 n - a wand of digging (5)
Scrolls
 b - a scroll of butterflies
 d - a scroll of teleportation {unknown}
 e - 4 scrolls of amnesia {unknown}
 g - 2 scrolls of identify {unknown}
 j - a scroll of vulnerability {unknown}
 o - a scroll of blinking {unknown}
 s - a scroll of torment {unknown}
Potions
 k - 2 potions of resistance
 r - a potion of curing {unknown}


   Skills:
 - Level 1.7 Fighting
 * Level 4.5 Ranged Weapons
 + Level 0.1 Armour
 - Level 1.7 Dodging
 - Level 0.8 Stealth


You had one spell level left.
You didn't know any spells.
Your spell library was empty.

Dungeon Overview and Level Annotations

Branches:
Dungeon (2/15)

Shops:
D:2 ?


Innate Abilities, Weirdness & Mutations

You have an increased reservoir of magic. (+10% MP)
You shall have no god before yourself.
Your divine heritage dramatically boosts your attributes as you level up.


Message History

You shoot an arrow. The arrow barely misses the scorpion.
You shoot an arrow.
The arrow hits the scorpion but does no damage.
The scorpion is moderately wounded.
The scorpion stings you but does no damage.
You shoot an arrow. The arrow barely misses the scorpion.
The scorpion stings you but does no damage.
The scorpion stings you.
You shoot an arrow. The arrow barely misses the scorpion.
The scorpion stings you.
You are poisoned.
The scorpion poisons you!
The scorpion stings you but does no damage.
You shoot an arrow. The arrow closely misses the scorpion.
You feel very sick. The scorpion stings you.
You are more poisoned.
The scorpion poisons you!
The scorpion stings you but does no damage.
You shoot an arrow. The arrow hits the scorpion.
The scorpion is moderately wounded.
You feel very sick. The scorpion stings you.
You are lethally poisoned!
The scorpion poisons you!
The scorpion stings you but does no damage. x2
You are too injured to fight recklessly!
You are too injured to fight recklessly!
It was a potion of resistance.
You feel protected.
* * * LOW HITPOINT WARNING * * *
You feel very sick. The scorpion stings you.
* * * LOW HITPOINT WARNING * * *
You are more poisoned.
The scorpion poisons you!
It was a potion of enlightenment.
You feel very buoyant.
You fly up into the air.
You die...

..#
#.....##.###..
..#
#.....##..##..
###
#########.##.#
#.##.# #.##.#
#....# ###..#
######..####...
.......@s......
#######.##+#.!.
#.# #.# #.# #.#
#.# #.#


You could see a scorpion.

Vanquished Creatures
  A dart slug (D:1)
  2 ball pythons (D:1)
  3 endoplasms
  3 hobgoblins
  2 kobolds (D:1)
  2 quokkas (D:1)
  6 goblins
  3 rats (D:1)
22 creatures vanquished.

Notes
Turn   | Place    | Note
-------+----------+-------------------------------------------
     0 | D:1      | Warped the Demigod Hunter began the quest for the Orb.
     0 | D:1      | Reached XP level 1. HP: 17/17 MP: 3/3
   193 | D:1      | Reached skill level 4 in Ranged Weapons
   401 | D:1      | Reached XP level 2. HP: 24/24 MP: 4/4
   667 | D:2      | Found Meuppao's Magic Scroll Shoppe.
   914 | D:2      | Noticed a scorpion
   923 | D:2      | Succumbed to a scorpion's poison

Illustrated notes

Levels and vault maps discovered:
D:1:      orjb1_lava_funnel, layout_loops_corners
D:2:      layout_basic, serial_shops, shop, minmay_split_cup_large

Skill      XL: |  1 |
---------------+----+-----
Ranged Weapons | 4 |  4.5
Fighting       | |  1.7
Armour         | |  0.1
Dodging        | |  1.7
Stealth        | |  0.8

Action                     || total
---------------------------++-------
   Fire: Shortbow          ||    58
    Use: Potion            ||     2
 Armour: Chain mail        ||    12
         Leather armour    ||     4
  Dodge: Dodged            ||     7

Table legend: (Time is in decaauts)
 A = Elapsed time spent in this place.
 B = Non-inter-level travel time spent in this place.
 C = Inter-level travel time spent in this place.
 D = Time resting spent in this place.
 E = Time spent auto-exploring this place.
 F = Levels seen in this place.
 G = Mean time per level.
                   A        B        C        D        E       F      G
               +--------+--------+--------+--------+--------+-----+--------+
         Total |    943 |    916 |     27 |      0 |    749 |   2 |  471.5 |
       Dungeon |    943 |    916 |     27 |      0 |    749 |   2 |  471.5 |
               +--------+--------+--------+--------+--------+-----+--------+

Top non-repeatable levels by time:
     D:1: 663 daAuts
     D:2: 279 daAuts
